 Dungeon Crawl Stone Soup version 0.20.1-1-g8b1a95d (webtiles) character file.

5359 Ymberti the Thaumaturge (level 10, -11/52 HPs)
             Began as a Deep Elf Fire Elementalist on Sept 25, 2017.
             Was an Elder of Vehumet.
             Mangled by an ogre
             ... wielding a cursed -3 giant club
              (22 damage)
             ... on level 10 of the Dungeon.
             The game lasted 00:33:36 (7722 turns).

Ymberti the Thaumaturge (DEFE)                      Turns: 7722, Time: 00:33:37

Health: -11/52     AC:  8    Str:  5    XL:     10   Next: 39%
Magic:  8/27       EV: 14    Int: 24    God:    Vehumet [****..]
Gold:   508        SH:  0    Dex: 15    Spells: 8/31 levels left

rFire    . . .     SeeInvis .   q - staff of cold
rCold    + . .     Gourm    .   (no shield)
rNeg     . . .     Faith    .   a - +0 robe
rPois    +         Spirit   .   (no helmet)
rElec    .         Reflect  .   (no cloak)
rCorr    +         Harm     .   J - +2 pair of gloves
MR       +....                  s - +0 pair of boots
Stlth    +++.......             D - amulet of magic regeneration
Regen    0.2/turn               i - ring of poison resistance
MPRegen  0.3/turn               L - ring of resist corrosion

@: no status effects
A: hooves 1, iridescent scales 1, wild magic 1, MP-powered wands
a: Renounce Religion


You were on level 10 of the Dungeon.
You worshipped Vehumet.
Vehumet was greatly pleased with you.
You were not hungry.

You visited 2 branches of the dungeon, and saw 11 of its levels.

You collected 508 gold pieces.

Inventory:

Armour
 a - a +0 robe (worn)
 s - a +0 pair of boots (worn)
 J - a +2 pair of gloves (worn)
Magical Staves
 q - an uncursed staff of cold (weapon)
Jewellery
 i - a ring of poison resistance (left hand)
 D - an amulet of magic regeneration (around neck)
 L - a ring of resist corrosion (right hand)
Wands
 k - a wand of scattershot (1/9)
 u - a wand of iceblast (9/15)
 x - a wand of flame (27/48)
 H - a wand of lightning (4/15)
 K - a wand of iceblast (5/15)
 N - a wand of flame (19/48)
Scrolls
 e - 4 scrolls of amnesia
 j - a scroll of blinking
 o - 2 scrolls of identify
 p - 5 scrolls of remove curse
 r - 2 scrolls of magic mapping
 t - a scroll of fear {unknown}
 w - a scroll of enchant weapon
 y - a scroll of teleportation {unknown}
 B - 2 scrolls of recharging {unknown}
 M - 2 scrolls of enchant armour
Potions
 d - a potion of agility
 f - 2 potions of brilliance
 h - a potion of magic
 l - a potion of flight
 m - 2 potions of curing
 n - 4 potions of might
 v - 3 potions of heal wounds
 C - a potion of lignification {unknown}
 E - a potion of cancellation {unknown}
 F - a potion of haste {unknown}
Books
 b - a book of Flames

   Spells                             Type                      Level
   a - Flame Tongue                   Conjuration/Fire             1
   b - Throw Flame                    Conjuration/Fire             2
   c - Conjure Flame                  Conjuration/Fire             3
   d - Inner Flame                    Hexes/Fire                   3
   e - Sticky Flame                   Conjuration/Fire             4
   f - Fireball                       Conjuration/Fire             5
 g - a book of Misfortune

   Spells                             Type                      Level
   a - Confusing Touch                Hexes                        1
   b - Confuse                        Hexes                        3
   c - Gell's Gravitas                Translocation                3
   d - Petrify                        Transmutation/Earth          4
   e - Metabolic Englaciation         Hexes/Ice                    5
   f - Yara's Violent Unravelling     Hexes/Transmutation          5
 z - the Compendium of Displaced Unholy Rites
   (You found it on level 9 of the Dungeon)

   Spells                             Type                      Level
   a - Animate Skeleton               Necromancy                   1
   b - Apportation                    Translocation                1
   c - Force Lance                    Conjuration/Translocation    4
   d - Simulacrum                     Ice/Necromancy               6
   e - Disjunction                    Translocation                8
 A - a book of Minor Magic

   Spells                             Type                      Level
   a - Magic Dart                     Conjuration                  1
   b - Blink                          Translocation                2
   c - Call Imp                       Summoning                    2
   d - Slow                           Hexes                        2
   e - Conjure Flame                  Conjuration/Fire             3
   f - Mephitic Cloud                 Conjuration/Poison/Air       3
Comestibles
 c - 5 bread rations
 I - 5 meat rations


   Skills:
 + Level 1.1 Fighting
 + Level 2.4 Staves
 + Level 4.4 Dodging
 + Level 4.6 Stealth
 + Level 0.4 Unarmed Combat
 + Level 11.2 Spellcasting
 + Level 8.5 Conjurations
 + Level 1.3 Hexes
 + Level 9.8 Fire Magic
 + Level 2.2 Ice Magic
 + Level 0.2 Evocations


You had 8 spell levels left.
You knew the following spells:

 Your Spells              Type           Power        Failure   Level  Hunger
a - Flame Tongue          Conj/Fire      #####        1%          1    None
b - Throw Flame           Conj/Fire      ######       1%          2    None
c - Conjure Flame         Conj/Fire      ######..     1%          3    None
d - Fireball              Conj/Fire      ######....   1%          5    ####...
e - Throw Frost           Conj/Ice       ######       1%          2    None
f - Confuse               Hex            ####....     12%         3    None
g - Force Lance           Conj/Tloc      #####...     3%          4    None
h - Blink                 Tloc           N/A          11%         2    None
i - Apportation           Tloc           ###...       8%          1    None


Dungeon Overview and Level Annotations

Branches:
Dungeon (10/15)            Temple (1/1) D:4             Orc (0/2) D:9
   Lair: D:8-11

Altars:
Ashenzari
Cheibriados
Dithmenos
Elyvilon
Fedhas
Gozag
Hepliaklqana
Kikubaaqudgha
Makhleb
Nemelex Xobeh
Okawaru
Qazlal
Ru
Sif Muna
Trog
Uskayaw
Vehumet
Xom
Yredelemnul
Zin
The Shining One


Innate Abilities, Weirdness & Mutations

You have large cloven feet.
You are partially covered in iridescent scales. (AC +2)
Your spells are a little harder to cast, but a little more powerful.
You expend magic power (3 MP) to strengthen your wands.


Message History

Casting: Flame Tongue
Confirm with . or Enter, or press ? or * to list all spells.
Aiming: Flame Tongue
Press: ? - help, Shift-Dir - straight line, f/p - two-headed ogre
Aim: a two-headed ogre, wielding two giant spiked clubs (severely wounded)
The flame tongue hits the two-headed ogre.
The two-headed ogre is severely wounded.
Casting: Flame Tongue
Confirm with . or Enter, or press ? or * to list all spells.
Aiming: Flame Tongue
Press: ? - help, Shift-Dir - straight line, f/p - two-headed ogre
Aim: a two-headed ogre, wielding two giant spiked clubs (severely wounded)
The flame tongue hits the two-headed ogre.
The two-headed ogre is severely wounded.
The two-headed ogre closely misses you.
The two-headed ogre hits you with a giant spiked club!!
Ouch! That really hurt!
* * * LOW HITPOINT WARNING * * *
The ogre hits you with a giant club!!
You die...

### ### #.#
#.# #.# #.+
#.# ..# #.#
#.# #.# #.#
+.#######O#
#<#...#.O@#
#.#.#.#.###
#...#.....#
###########


You could see a two-headed ogre and an ogre.

Vanquished Creatures
  Grinder (D:6)
  A hornet (D:9)
  Prince Ribbit (D:7)
  Sigmund (D:2)
  A wyvern (D:8)
  2 hungry ghosts (D:9)
  Edmund (D:6)
  2 two-headed ogre zombies (D:9)
  2 water moccasins
  2 sky beasts
  7 ice beasts
  2 black bears
  3 phantoms
  2 ogres
  A centaur (D:5)
  8 bullfrogs
  A gnoll sergeant (D:8)
  A scorpion (D:7)
  A troll zombie (D:9)
  3 wights (D:6)
  A howler monkey (D:6)
  3 crimson imps
  2 centaur zombies
  4 hounds
  A quasit (D:3)
  2 jellies
  A bullfrog skeleton (D:4)
  7 iguanas
  4 orc wizards
  5 worker ants
  A killer bee zombie (D:7)
  5 ogre zombies (D:9)
  A hound zombie (D:6)
  A worker ant zombie (D:9)
  4 gnolls (D:8)
  9 adders
  2 oozes (D:1)
  2 adder zombies
  3 worms
  A dart slug (D:1)
  3 leopard geckos
  36 orcs
  7 giant cockroaches
  16 goblins
  7 hobgoblins
  23 jackals
  7 kobolds
  4 quokkas
  6 bats
  4 frilled lizards
  2 goblin zombies (D:9)
  2 hobgoblin skeletons (D:9)
  3 hobgoblin zombies (D:9)
  A leopard gecko skeleton (D:8)
  6 orc skeletons (D:9)
  12 orc zombies (D:9)
  A quokka skeleton (D:7)
  A quokka zombie (D:5)
  7 rats
250 creatures vanquished.

Notes
Turn   | Place    | Note
-------+----------+-------------------------------------------
     0 | D:1      | Ymberti the Deep Elf Fire Elementalist began the quest for the Orb.
     0 | D:1      | Reached XP level 1. HP: 10/10 MP: 6/6
    95 | D:1      | Reached XP level 2. HP: 4/15 MP: 0/8
   406 | D:1      | Reached XP level 3. HP: 13/19 MP: 5/9
   410 | D:1      | Learned a level 2 spell: Throw Flame
   414 | D:1      | Learned a level 3 spell: Conjure Flame
  1041 | D:2      | Noticed Sigmund
  1049 | D:2      | Killed Sigmund
  1049 | D:2      | Reached skill level 4 in Spellcasting
  1049 | D:2      | Reached XP level 4. HP: 15/24 MP: 2/12
  1049 | D:2      | Reached XP level 5. HP: 18/28 MP: 2/14
  1384 | D:3      | Gained mutation: You are dopey. (Int -2) [potion of mutation]
  1384 | D:3      | Gained mutation: Your body sometimes deteriorates upon taking damage. [potion of mutation]
  1384 | D:3      | Gained mutation: You have large cloven feet. [potion of mutation]
  1384 | D:3      | Gained mutation: You have a pair of small horns on your head. [potion of mutation]
  1385 | D:3      | Lost mutation: You have a pair of small horns on your head. [potion of mutation]
  1385 | D:3      | Lost mutation: You have large cloven feet. [potion of mutation]
  1385 | D:3      | Lost mutation: You are dopey. (Int -2) [potion of mutation]
  1385 | D:3      | Gained mutation: You are partially covered in molten scales. (AC +2) [potion of mutation]
  1385 | D:3      | Gained mutation: Your natural rate of healing is unusually fast. [potion of mutation]
  1386 | D:3      | Lost mutation: Your body sometimes deteriorates upon taking damage. [potion of mutation]
  1386 | D:3      | Lost mutation: Your natural rate of healing is unusually fast. [potion of mutation]
  1386 | D:3      | Lost mutation: You are partially covered in molten scales. (AC +2) [potion of mutation]
  1386 | D:3      | Gained mutation: Your spells are a little harder to cast, but a little more powerful. [potion of mutation]
  1386 | D:3      | Gained mutation: You expend magic power (3 MP) to strengthen your wands. [potion of mutation]
  1386 | D:3      | Gained mutation: You have large cloven feet. [potion of mutation]
  1386 | D:3      | Gained mutation: You are partially covered in iridescent scales. (AC +2) [potion of mutation]
  1450 | D:3      | Reached skill level 5 in Spellcasting
  1450 | D:3      | Reached skill level 5 in Fire Magic
  1495 | D:3      | Learned a level 5 spell: Fireball
  1657 | D:3      | Reached XP level 6. HP: 32/32 MP: 13/15
  2263 | D:4      | Found a staircase to the Ecumenical Temple.
  2282 | Temple   | Entered the Ecumenical Temple
  2332 | Temple   | Became a worshipper of Vehumet
  2554 | D:4      | Reached XP level 7. HP: 36/36 MP: 12/17
  2784 | D:4      | Reached skill level 1 in Staves
  2784 | D:4      | Reached skill level 6 in Spellcasting
  2919 | D:4      | Reached * piety under Vehumet
  2919 | D:4      | Offered knowledge of Sandblast by Vehumet.
  3053 | D:5      | Entered Level 5 of the Dungeon
  3498 | D:5      | Reached skill level 5 in Conjurations
  3498 | D:5      | Reached XP level 8. HP: 42/42 MP: 13/20
  3564 | D:5      | Reached skill level 7 in Spellcasting
  3969 | D:6      | Reached ** piety under Vehumet
  3969 | D:6      | Offered knowledge of Sting by Vehumet.
  3969 | D:6      | Reached skill level 8 in Spellcasting
  4008 | D:6      | Noticed Grinder
  4018 | D:6      | Paralysed by Grinder for 6 turns
  4027 | D:6      | Killed Grinder
  4063 | D:6      | Noticed Edmund
  4126 | D:6      | Killed Edmund
  4126 | D:6      | Reached XP level 9. HP: 46/46 MP: 12/23
  4519 | D:6      | Reached skill level 9 in Spellcasting
  4574 | D:6      | Reached skill level 1 in Fighting
  5010 | D:7      | Offered knowledge of Throw Frost by Vehumet.
  5019 | D:7      | Learned a level 2 spell: Throw Frost
  5023 | D:7      | Learned a level 3 spell: Confuse
  5085 | D:7      | Noticed Prince Ribbit
  5092 | D:7      | Killed Prince Ribbit
  5149 | D:7      | Reached *** piety under Vehumet
  5444 | D:7      | Reached skill level 10 in Spellcasting
  5444 | D:7      | Reached skill level 1 in Ice Magic
  5631 | D:7      | Found a sacrificial altar of Ru.
  5671 | D:8      | Reached skill level 1 in Hexes
  5685 | D:7      | Offered knowledge of Static Discharge by Vehumet.
  5685 | D:7      | Reached XP level 10. HP: 21/52 MP: 0/26
  5809 | D:8      | You fall through a shaft!
  6840 | D:9      | Reached **** piety under Vehumet
  6857 | D:9      | Offered knowledge of Stone Arrow by Vehumet.
  6878 | D:9      | Reached skill level 11 in Spellcasting
  6979 | D:9      | Found a staircase to the Orcish Mines.
  7231 | D:9      | Identified the Compendium of Displaced Unholy Rites
  7252 | D:9      | Learned a level 4 spell: Force Lance
  7255 | D:9      | Learned a level 2 spell: Blink
  7257 | D:9      | Learned a level 1 spell: Apportation
  7691 | D:10     | Entered Level 10 of the Dungeon
  7708 | D:10     | Noticed a two-headed ogre
  7722 | D:10     | Mangled by an ogre

Skill      XL: |  1  2  3  4  5  6  7  8  9 10 |
---------------+-------------------------------+-----
Fire Magic     | 4 5 6 8 9 |  9.8
Stealth        | 3 4 |  4.6
Spellcasting   | 4 5 6 8 10 11 | 11.2
Conjurations   | 2 3 5 6 7 8 |  8.5
Dodging        | 3 4 |  4.4
Staves         | 1 2 |  2.4
Fighting       | 1 |  1.1
Ice Magic      | 1 2 |  2.2
Hexes          | 1 |  1.3
Unarmed Combat | |  0.4
Evocations     | |  0.2

Action                   |  1- 3 |  4- 6 |  7- 9 | 10-12 || total
-------------------------+-------+-------+-------+-------++-------
Melee: Unarmed           |    30 |       |       |       ||    30
       Staff             |     7 |    22 |    72 |     2 ||   103
 Cast: Flame Tongue      |    66 |    60 |   180 |    97 ||   403
       Throw Flame       |     4 |    12 |    40 |    10 ||    66
       Conjure Flame     |     1 |       |     2 |     5 ||     8
       Fireball          |       |       |    13 |    11 ||    24
       Throw Frost       |       |       |    25 |    19 ||    44
       Confuse           |       |       |     2 |     1 ||     3
       Blink             |       |       |       |    20 ||    20
       Force Lance       |       |       |       |     1 ||     1
Evoke: Wand              |       |       |     1 |       ||     1
  Use: Potion            |       |     6 |     3 |     1 ||    10
       Scroll            |       |     5 |     3 |     4 ||    12
 Stab: Sleeping          |     1 |     1 |     1 |       ||     3
  Eat: Royal jelly       |       |     1 |     3 |     2 ||     6
       Bread ration      |       |     1 |     1 |     1 ||     3
       Fruit             |       |       |     2 |     3 ||     5
Armor: Robe              |    13 |    20 |    46 |     6 ||    85
Dodge: Dodged            |    49 |    30 |    91 |    26 ||   196
